 Dungeon Crawl Stone Soup version 0.29-a0-472-ge5599a681e (webtiles) character file.

Game seed: 2328984736009395850

3215 Pelinal the Geomancer (level 9, 0/45 HPs)
             Began as a Gargoyle Earth Elementalist on May 23, 2022.
             Was an Initiate of Sif Muna.
             Slain by a two-headed ogre
             ... wielding a +0 giant club
              (10 damage)
             ... on level 7 of the Dungeon.
             The game lasted 00:17:48 (8505 turns).

Pelinal the Geomancer (Gargoyle Earth Elementalist) Turns: 8505, Time: 00:17:48

Health: 0/45       AC:  9    Str: 12    XL:     9   Next: 97%
Magic:  10/12      EV: 13    Int: 20    God:    Sif Muna [......]
Gold:   429        SH:  0    Dex: 10    Spells: 6/12 levels left

rFire   + + .      SeeInvis .   a - +0 dagger
rCold   + . .      Faith    .   (no shield)
rNeg    + . .      Spirit   .   B - +0 robe
rPois   ∞          Reflect  .   v - +0 helmet
rElec   +          Harm     .   R - scarf {rC+ rF+}
rCorr   .          Rampage  .   (no gloves)
Will    .....                   (no boots)
Stlth   ++++......              (no amulet)
HPRegen 0.15/turn               j - ring of protection from fire
MPRegen 0.13/turn               (no ring)

@: no status effects
A: sickness immunity, AC +6, negative energy resistance 1, electricity
resistance, torment resistance 1, petrification resistance
a: Renounce Religion


You were on level 7 of the Dungeon.
You worshipped Sif Muna.
Sif Muna was noncommittal.
You visited 2 branches of the dungeon, and saw 8 of its levels.
You also visited: Sewer and Ossuary.

You collected 429 gold pieces.

Inventory:

Hand Weapons
 a - a +0 dagger (weapon)
 b - a +0 hunting sling
 n - a +3 whip
Missiles
 d - 140 stones
 S - a curare-tipped dart
Armour
 m - a +0 cloak
 v - a +0 helmet (worn)
 B - a +0 robe (worn)
 J - a +0 helmet
 P - the +0 ring mail of Foolhardiness {*Slow rElec rC+++ Str-4}
   (You found it on level 5 of the Dungeon)

   Str:       It affects your strength (-4).
   rC:        It renders you almost immune to cold.
   rElec:     It insulates you from electricity.
   *Slow:     It may slow you when you take damage.
 R - a scarf of resistance (worn)
Magical Staves
 T - a staff of fire
Jewellery
 j - a ring of protection from fire (left hand)
 k - an amulet of faith
 w - a ring of fire
 G - a ring of protection from fire
Wands
 K - a wand of mindburst (7)
Scrolls
 e - 3 scrolls of magic mapping
 f - 2 scrolls of amnesia
 g - 2 scrolls of fog
 i - 4 scrolls of immolation
 l - 4 scrolls of teleportation
 r - a scroll of vulnerability
 s - a scroll of noise {unknown}
 y - 2 scrolls of blinking {unknown}
 I - 3 scrolls of identify
 L - a scroll of fear {unknown}
 M - a scroll of silence {unknown}
 N - a scroll of enchant armour {unknown}
 O - a scroll of summoning {unknown}
 Q - a scroll of brand weapon {unknown}
Potions
 c - 2 potions of magic
 h - a potion of might {unknown}
 o - 3 potions of lignification
 p - a potion of invisibility {unknown}
 q - 2 potions of brilliance {unknown}
 t - 3 potions of berserk rage
 u - 2 potions of ambrosia {unknown}
 x - 2 potions of curing
 z - 3 potions of mutation
 A - a potion of cancellation {unknown}
 C - 3 potions of flight
 D - 7 potions of haste
 E - 2 potions of degeneration {unknown}
 F - 2 potions of heal wounds {unknown}
 H - 2 potions of resistance {unknown}


   Skills:
 + Level 3.0 Throwing
 + Level 5.7 Dodging
 - Level 9.0 Stealth
 - Level 2.0 Spellcasting
 - Level 0.8 Transmutations
 - Level 10.5 Earth Magic
 + Level 2.7 Invocations


You had 6 spell levels left.
You knew the following spells:

 Your Spells              Type           Power      Damage    Failure   Level
a - Sandblast             Erth           88%        2d18      1%          1
b - Stone Arrow           Conj/Erth      46%        3d9       5%          3
A - Passwall              Tmut/Erth      20%        N/A       2%          2

Your spell library contained the following spells:

 Spells                   Type           Power      Damage    Failure   Level
 Petrify                  Tmut/Erth      24%        N/A       16%         4
 Dazzling Flash           Conj/Hex       4%         N/A       43%         3
 Agony                    Necr           2%         N/A       99%         5
 Silence                  Hex/Air        1%         N/A       99%         5


Dungeon Overview and Level Annotations

Branches:
Dungeon (7/15)             Temple (1/1) D:6           Sewer (visited)
Ossuary (visited)

Altars:
Ashenzari
Cheibriados
Dithmenos
Elyvilon
Fedhas
Gozag
Hepliaklqana
Kikubaaqudgha
Makhleb
Nemelex Xobeh
Okawaru
Qazlal
Ru
Sif Muna
Trog
Uskayaw
Vehumet
Wu Jian
Xom
Zin
The Shining One

Shops:
D:3 *

Annotations:
D:3 1 runed translucent door, Crazy Yiuf
D:5 Duvessa


Innate Abilities, Weirdness & Mutations

You are immune to sickness and miasma.
Your stone body is resilient. (AC +6)
You are immune to poison.
You resist negative energy. (rN+)
You are resistant to electric shocks. (rElec)
You are resistant to unholy torment.
You are immune to petrification.


Message History

You kill the ogre!
Sif Muna accepts your kill.
Your Throwing skill increases to level 3!
An orc comes into view. It is wielding a +0 mace.
Casting: Sandblast (safe; 1% risk of failure)
Confirm with . or Enter, or press ? or * to list all spells.
You can't see any susceptible monsters within range! (Use Z to cast anyway.) Unknown command.
Unknown command.
You see here a +0 giant spiked club.
Casting: Sandblast (safe; 1% risk of failure)
Confirm with . or Enter, or press ? or * to list all spells.
Aiming: Sandblast (safe; 1% risk of failure)
Press: ? - help, Shift-Dir - straight line, f - orc
Aim: an orc, wielding a +0 hand axe (wandering, hasn't noticed you, 83% to hit)
The blast of sand hits the orc!!
You kill the orc!
Sif Muna accepts your kill.
The orc shouts!
Casting: Sandblast (safe; 1% risk of failure)
Confirm with . or Enter, or press ? or * to list all spells.
You can't see any susceptible monsters within range! (Use Z to cast anyway.) Unknown command.
Unknown command.
Casting: Sandblast (safe; 1% risk of failure)
Confirm with . or Enter, or press ? or * to list all spells.
Aiming: Sandblast (safe; 1% risk of failure)
Press: ? - help, Shift-Dir - straight line, f - two-headed ogre
Aim: a two-headed ogre, wielding two +0 giant clubs (92% to hit)
The blast of sand hits the two-headed ogre!
The two-headed ogre is moderately wounded.
The two-headed ogre hits you with a +0 giant club!
The two-headed ogre hits you with a +0 giant club!!
* * * LOW HITPOINT WARNING * * *
The orc throws a stone.
The stone hits you but does no damage.
Unknown command.
The two-headed ogre attacks as you move away!
The two-headed ogre closely misses you.
The two-headed ogre hits you with a +0 giant club!
You die...

Y### #)###.#...
..#. .. . #.
..#... .... #.
.# .. #.....#
.....#.###.# ###
#.###.# #
.....#..... #.
## #.........
.## ##.....o.
..# #.....O)#
#.# #.....#@# .
#.#
#.....#.######.#
#.#
#).....)........
#.#
#.............#
#.#
#.............#
#.#
######........#
#.# ###.######
#.# #..# #.##
##.##


You could see a two-headed ogre and an orc.

Vanquished Creatures
  A shadow (D:7)
  Menkaure (D:5)
  A steam dragon (D:6)
  A water moccasin (D:7)
  A black bear (D:5)
  A sky beast (D:7)
  Pargi (Sewer)
  3 ogres
  4 phantoms
  A kobold brigand (D:6)
  Blork the orc (D:5)
  A bullfrog (D:7)
  2 necrophages
  9 scorpions
  A howler monkey (D:6)
  4 centaur zombies (Ossuary)
  A human zombie (Ossuary)
  A gnoll shaman (D:4)
  2 orc priests
  3 jellies
  An iguana (D:4)
  7 scorpion zombies (Ossuary)
  5 orc wizards
  3 mummies (Ossuary)
  9 gnolls
  9 adders
  3 white imps
  2 ufetubi
  4 dart slugs
  18 orcs
  5 endoplasms
  5 giant cockroaches
  2 gnoll zombies (Ossuary)
  3 goblins
  3 hobgoblins
  3 quokkas
  3 ball pythons
  5 bats
  A frilled lizard (D:3)
  4 goblin zombies (Ossuary)
  A hobgoblin zombie (Ossuary)
  16 kobolds
  2 kobold zombies (Ossuary)
  2 orc zombies (Ossuary)
  6 rats
162 creatures vanquished.

Vanquished Creatures (others)
  A plant (D:7)
1 creature vanquished.

Grand Total: 163 creatures vanquished

Notes
Turn   | Place    | Note
-------+----------+-------------------------------------------
     0 | D:1      | Pelinal the Gargoyle Earth Elementalist began the quest for
                  | the Orb.
     0 | D:1      | Reached XP level 1. HP: 10/10 MP: 3/3
   345 | D:1      | Reached skill level 4 in Earth Magic
   345 | D:1      | Reached XP level 2. HP: 14/15 MP: 3/5
   564 | D:1      | Reached XP level 3. HP: 19/19 MP: 3/6
  1791 | D:2      | Reached skill level 5 in Earth Magic
  1918 | D:2      | Reached XP level 4. HP: 11/24 MP: 5/7
  2531 | D:3      | Found a hide-covered altar of Uskayaw.
  2531 | D:3      | Found a snail-covered altar of Cheibriados.
  2531 | D:3      | Found a blossoming altar of Fedhas.
  2809 | D:3      | Found Ynumoqiu's Assorted Antiques.
  2929 | D:3      | Found a faded altar of an unknown god.
  3281 | D:3      | Found a runed translucent door.
  3282 | D:3      | Noticed Crazy Yiuf
  3512 | D:4      | Reached XP level 5. HP: 28/28 MP: 5/8
  3516 | D:4      | Reached skill level 6 in Earth Magic
  3538 | D:4      | Reached XP level 6. HP: 24/32 MP: 3/9
  3589 | D:4      | Found a glowing drain.
  3602 | Sewer    | Entered a sewer
  3680 | Sewer    | Noticed Pargi
  3684 | Sewer    | Killed Pargi
  3685 | Sewer    | Reached skill level 7 in Earth Magic
  3693 | Sewer    | Learned a level 2 spell: Passwall
  3866 | D:4      | Reached skill level 5 in Stealth
  3948 | D:4      | Reached XP level 7. HP: 18/36 MP: 3/10
  3994 | D:4      | Found a sand-covered staircase.
  4000 | Ossuary  | Entered an ossuary
  4119 | Ossuary  | Reached skill level 8 in Earth Magic
  4358 | Ossuary  | Learned a level 3 spell: Stone Arrow
  4382 | Ossuary  | Reached skill level 9 in Earth Magic
  4470 | Ossuary  | Reached XP level 8. HP: 38/41 MP: 1/11
  4722 | Ossuary  | Reached skill level 10 in Earth Magic
  5252 | D:4      | Reached skill level 1 in Throwing
  5566 | D:5      | Entered Level 5 of the Dungeon
  5904 | D:5      | Noticed Menkaure
  5909 | D:5      | Killed Menkaure
  5910 | D:5      | Reached XP level 9. HP: 45/45 MP: 6/12
  6495 | D:5      | Noticed Blork the orc
  6500 | D:5      | Killed Blork the orc
  6552 | D:5      | Noticed Duvessa
  6723 | D:5      | Identified the +0 ring mail of Foolhardiness {*Slow rElec
                  | rC+++ Str-4}
  7219 | D:6      | Reached skill level 5 in Dodging
  7492 | D:6      | Found a staircase to the Ecumenical Temple.
  7498 | Temple   | Entered the Ecumenical Temple
  7813 | Temple   | Became a worshipper of Sif Muna the Loreminder
  8100 | D:7      | Noticed a two-headed ogre
  8101 | D:7      | Reached skill level 1 in Invocations
  8505 | D:7      | Slain by a two-headed ogre

Illustrated notes

Levels and vault maps discovered:
D:1:      lightli_arrival_boilingwater, layout_basic
D:2:      layout_rooms
D:3:      layout_basic, gammafunk_temple_overflow_claw,
          shapermc_ecumenical_altar_ellora, serial_shops,
          nicolae_shop_temple_entry_statues_fountains, uniq_crazy_yiuf_cottage
D:4:      layout_loops_ring, lightli_ossuary_entry_decrepit_ruins,
          gup_sewer_entry_pipe
D:5:      layout_basic, uniq_duvessa, uniq_blork_the_orc, uniq_menkaure
D:6:      layout_loops_ring, minmay_temple_entry_enclosed_plants
D:7:      hangedman_cross_stitches, layout_basic, grunt_ministairs_10,
          serial_bayou_pond_e
Temple:   dpeg_five_rooms_temple

Skill      XL: |  1  2  3  4  5  6  7  8  9 |
---------------+----------------------------+-----
Earth Magic    | 4 5 6 7 9 10 | 10.5
Stealth        | 3 4 5 6 8 9 |  9.0
Throwing       | 1 3 |  3.0
Dodging        | 2 5 |  5.7
Invocations    | 2 |  2.7
Spellcasting   | |  2.0
Transmutations | |  0.8

Action                   |  1- 3 |  4- 6 |  7- 9 || total
-------------------------+-------+-------+-------++-------
Melee: Dagger            |    89 |    31 |    64 ||   184
       Punch             |       |       |     1 ||     1
 Cast: Sandblast         |    22 |    52 |   179 ||   253
       Stone Arrow       |       |       |     6 ||     6
Evoke: Wand              |       |       |     5 ||     5
  Use: Scroll            |       |     6 |     6 ||    12
       Potion            |       |     1 |     1 ||     2
 Stab: Sleeping          |     5 |     3 |     3 ||    11
       Distracted        |       |       |     1 ||     1
Armor: Robe              |    42 |    17 |    45 ||   104
Dodge: Dodged            |    76 |    40 |    68 ||   184

Table legend: (Time is in decaauts)
 A = Elapsed time spent in this place.
 B = Non-inter-level travel time spent in this place.
 C = Inter-level travel time spent in this place.
 D = Time resting spent in this place.
 E = Time spent auto-exploring this place.
 F = Levels seen in this place.
 G = Mean time per level.
                   A        B        C        D        E       F      G
               +--------+--------+--------+--------+--------+-----+--------+
         Total |   8527 |   8012 |    515 |   1290 |   4813 |  10 |  852.7 |
       Dungeon |   6909 |   6500 |    409 |    712 |   4565 |   7 |  987.0 |
        Temple |    365 |    259 |    106 |      0 |    248 |   1 |  365.0 |
         Sewer |    231 |    231 |      0 |     92 |      0 |   1 |  231.0 |
       Ossuary |   1019 |   1019 |      0 |    486 |      0 |   1 | 1019.0 |
               +--------+--------+--------+--------+--------+-----+--------+

Top non-repeatable levels by time:
     D:1: 1621 daAuts
     D:5: 1274 daAuts
     D:4: 1036 daAuts
 Ossuary: 1019 daAuts
     D:3: 864 daAuts
     D:2: 822 daAuts
     D:6: 799 daAuts
     D:7: 490 daAuts
  Temple: 365 daAuts
   Sewer: 231 daAuts
